 Dungeon Crawl Stone Soup version 0.31-a0-968-g24f9ace8b5 (webtiles) character file.

Game seed: 5441268038944960920

92 Shayle the Ducker (level 4, 0/26 HPs)
             Began as a Tengu Hexslinger on Oct 27, 2023.
             Slain by a gnoll
             ... wielding a +1 dagger of chaos
              (1 damage)
             ... on level 4 of the Dungeon.
             The game lasted 00:05:11 (1609 turns).

Shayle the Ducker (Tengu Hexslinger)                Turns: 1609, Time: 00:05:11

Health: 0/26       AC:  5    Str:  8    XL:     4   Next: 60%
Magic:  6/6        EV: 11    Int: 13    God:
Gold:   51         SH:  0    Dex: 19    Spells: 3/5 levels left

rFire   . . .        p - +0 war axe (vamp)
rCold   . . .        (no shield)
rNeg    . . .        i - +0 ring mail
rPois   .            (helmet restricted)
rElec   .            (no cloak)
rCorr   .            (no gloves)
SInv    .            (boots unavailable)
Will    .....        (no amulet)
Stlth   ++           (no ring)
HPRegen 0.24/turn    (no ring)
MPRegen 0.10/turn

%: acrobat
@: no status effects
A: beak, talons 3, acrobatic
a: no special abilities


You were on level 4 of the Dungeon.
You visited 1 branch of the dungeon, and saw 4 of its levels.

You collected 166 gold pieces.
You spent 115 gold pieces at shops.

Inventory:

Hand Weapons
 a - a +1 sling
 p - a +0 vampiric war axe (weapon)
Armour
 c - a +0 robe
 i - a +0 ring mail (worn)
Jewellery
 q - a +6 ring of strength
Scrolls
 b - a scroll of poison
 j - a scroll of immolation
 l - 3 scrolls of noise
 s - a scroll of fear {unknown}
Potions
 f - 2 potions of degeneration
 h - 3 potions of ambrosia
 o - a potion of enlightenment {unknown}
 r - a potion of haste {unknown}


   Skills:
 + Level 2.1 Fighting
 - Level 2.1 Ranged Weapons
 + Level 3.2 Dodging
 * Level 3.0 Stealth
 - Level 1.0 Spellcasting
 - Level 2.1 Hexes
 - Level 1.1 Fire Magic


You had 3 spell levels left.
You knew the following spells:

 Your Spells              Type           Power      Damage    Failure   Level
a - Jinxbite              Hex            12%        N/A       47%         2

Your spell library contained the following spells:

 Spells                   Type           Power      Damage    Failure   Level
 Sting                    Tmut/Pois      0%         1d3       65%         1
 Summon Small Mammal      Summ           0%         N/A       65%         1
 Sigil of Binding         Hex            6%         N/A       71%         3
 Poisonous Vapours        Pois/Air       0%         N/A       78%         2
 Inner Flame              Hex/Fire       4%         N/A       80%         3
 Summon Guardian Golem    Hex/Summ       3%         N/A       86%         3
 Call Canine Familiar     Summ           0%         N/A       95%         3
 Gell's Gravitas          Tloc           0%         N/A       95%         3
 Teleport Other           Tloc           0%         N/A       95%         3
 Cause Fear               Hex            3%         N/A       98%         4
 Dimensional Bullseye     Hex/Tloc       1%         N/A       99%         4
 Olgreb's Toxic Radiance  Pois           0%         N/A       100%        4
 Dispersal                Tloc           0%         N/A       100%        6


Dungeon Overview and Level Annotations

Branches:
Dungeon (4/15)
 Temple: D:4-7

Altars:
Qazlal

Shops:
D:2 *

Annotations:
D:3 Pargi


Innate Abilities, Weirdness & Mutations

You have a beak for a mouth.
You have claws for feet.
You can magically evade attacks while moving or waiting.


Message History

Press: ? - help, Shift-Dir - straight line, f/p - iguana
Aim: an iguana (moderately wounded, will become a jelly, an adder, or a swamp drake, chance to affect: 57%)
The iguana resists with significant effort.
The iguana barely misses you.
Aiming: Polymorph
Press: ? - help, Shift-Dir - straight line, f/p - iguana
Aim: an iguana (moderately wounded, will become a jelly, an adder, or a swamp drake, chance to affect: 57%)
The iguana evaporates and reforms as an adder!
The now-empty wand crumbles to dust.
The adder bites you.
Okay, then.
You shoot a sling bullet. The sling bullet hits the adder.
The adder is severely wounded.
The adder bites you. The adder misses you.
You shoot a sling bullet. The sling bullet hits the adder.
You kill the adder!
Your Stealth skill increases to level 3!
You feel a sense of dread.
p - a +0 vampiric war axe (weapon)
As you read the scroll of identify, it crumbles to dust.
h - 3 potions of ambrosia
As you read the scroll labelled NACOVOADET, it crumbles to dust.
Magic quickly surges around you.
It was a scroll of vulnerability.
As you read the scroll labelled HEAJIF TAKU, it crumbles to dust.
Your body is wracked with pain!
* * * LOW HITPOINT WARNING * * *
It was a scroll of torment.
You start resting.
You feel your willpower return.
You start resting.
A gnoll is nearby!
You closely miss the gnoll. You peck the gnoll, but do no damage.
The gnoll hits you with a +1 dagger of chaos.
You are electrocuted!
Ouch! That really hurt!
* * * LOW HITPOINT WARNING * * *
You closely miss the gnoll. Your peck misses the gnoll.
The gnoll hits you with a +1 dagger of chaos.
* * * LOW HITPOINT WARNING * * *
The gnoll burns you.
You die...

.### ..) # .. .###.
...# # #..### .##.
##g...# .....
##.@..#
##........##..#.##
.......##.....##.#
##............#####
##....####.....
......# ###...#
......# .####
......## #.
.......###..


You could see a gnoll.

Vanquished Creatures
  An orc priest (D:2)
  2 adders
  A dart slug (D:3)
  3 orcs
  4 ball pythons
  4 endoplasms
  4 goblins
  6 hobgoblins
  4 jackals (D:1)
  4 bats
  2 frilled lizards
  2 kobolds
  3 rats
40 creatures vanquished.

Notes
Turn   | Place    | Note
-------+----------+-------------------------------------------
     0 | D:1      | Shayle the Tengu Hexslinger began the quest for the Orb.
     0 | D:1      | Reached XP level 1. HP: 12/12 MP: 3/3
    61 | D:1      | Reached skill level 1 in Stealth
    61 | D:1      | Reached XP level 2. HP: 16/16 MP: 4/4
   161 | D:1      | Found a faded altar of an unknown god.
   854 | D:2      | Reached XP level 3. HP: 20/20 MP: 5/5
   884 | D:2      | Found a stormy altar of Qazlal.
  1082 | D:2      | Found Ryorio Menui's Assorted Antiques.
  1087 | D:2      | Bought a wooden wand for 68 gold pieces
  1087 | D:2      | Bought a scroll labelled HEAJIF TAKU for 17 gold pieces
  1087 | D:2      | Bought a brown potion for 15 gold pieces
  1087 | D:2      | Bought a bubbling ruby potion for 15 gold pieces
  1242 | D:2      | Learned a level 2 spell: Jinxbite
  1278 | D:2      | Reached XP level 4. HP: 26/26 MP: 6/6
  1323 | D:3      | Noticed Pargi
  1609 | D:4      | HP: 1/26 [gnoll/+1 dagger of chaos (2)]
  1609 | D:4      | Slain by a gnoll

Illustrated notes

Levels and vault maps discovered:
D:1:      dpeg_arrival_tiny_a, layout_basic,
          hellmonk_ecumenical_altar_inner_sanctum,
          nicolae_houndstooth_variations
D:2:      layout_rooms, basic_altar, serial_shops, nicolae_shop_hallway_stairs,
          corexii_hall_statues_l
D:3:      layout_loops_ring, mainiacjoe_overflow_catwalk, tgw_sif,
          nicolae_wormholes, uniq_robin, uniq_pargi, uniq_jessica
D:4:      layout_layer_cave, tgw_xom

Skill      XL: |  1  2  3  4 |
---------------+-------------+-----
Stealth        | 1 2 3 |  3.0
Fighting       | 2 |  2.1
Dodging        | 3 |  3.2
Ranged Weapons | |  2.1
Spellcasting   | |  1.0
Hexes          | |  2.1
Fire Magic     | |  1.1

Action                     |  1- 3 |  4- 6 || total
---------------------------+-------+-------++-------
  Melee: War axe           |       |     2 ||     2
         Peck              |       |     1 ||     1
   Fire: Sling             |    81 |    29 ||   110
  Evoke: Wand              |       |     3 ||     3
    Use: Scroll            |       |     9 ||     9
         Potion            |       |     2 ||     2
 Armour: Ring mail         |    17 |    21 ||    38
         Robe              |     3 |       ||     3
  Dodge: Dodged            |    21 |    17 ||    38

Table legend: (Time is in decaauts)
 A = Elapsed time spent in this place.
 B = Non-inter-level travel time spent in this place.
 C = Inter-level travel time spent in this place.
 D = Time resting spent in this place.
 E = Time spent auto-exploring this place.
 F = Levels seen in this place.
 G = Mean time per level.
                   A        B        C        D        E       F      G
               +--------+--------+--------+--------+--------+-----+--------+
         Total |   1657 |   1548 |    109 |     78 |   1139 |   4 |  414.2 |
       Dungeon |   1657 |   1548 |    109 |     78 |   1139 |   4 |  414.2 |
               +--------+--------+--------+--------+--------+-----+--------+

Top non-repeatable levels by time:
     D:1: 800 daAuts
     D:2: 519 daAuts
     D:4: 210 daAuts
     D:3: 126 daAuts
